 Dungeon Crawl Stone Soup version 0.20.1-1-g8b1a95d (webtiles) character file.

78 Megalobster the Conjurer (level 4, -2/24 HPs)
             Began as a Deep Elf Conjurer on July 20, 2017.
             Slain by Grinder (5 damage)
             ... while paralysed by Grinder
             ... on level 3 of the Dungeon.
             The game lasted 00:05:26 (1642 turns).

Megalobster the Conjurer (Deep Elf Conjurer)        Turns: 1642, Time: 00:05:27

Health: -2/24      AC:  5    Str:  5    XL:     4   Next: 15%
Magic:  6/11       EV:  2    Int: 21    God:
Gold:   59         SH:  0    Dex: 15    Spells: 3/10 levels left

rFire    . . .     SeeInvis .   i - +2 dagger (drain)
rCold    . . .     Gourm    .   (no shield)
rNeg     . . .     Faith    .   a - +0 robe
rPois    .         Spirit   .   e - +2 helmet
rElec    .         Reflect  .   (no cloak)
rCorr    .         Harm     .   (no gloves)
MR       .....                  (no boots)
Stlth    ++........             (no amulet)
Regen    0.1/turn               (no ring)
MPRegen  0.2/turn               (no ring)

@: paralysed
A: no striking features
a: no special abilities


You were on level 3 of the Dungeon.
You were not hungry.

You visited 1 branch of the dungeon, and saw 3 of its levels.

You collected 59 gold pieces.

Inventory:

Hand Weapons
 i - a +2 dagger of draining (weapon)
 o - a +1 dagger of draining
Missiles
 d - 32 stones (quivered)
Armour
 a - a +0 robe (worn)
 e - a +2 helmet (worn)
Wands
 m - a wand of digging (3/24)
Scrolls
 j - 6 scrolls of identify {unknown}
Potions
 f - a potion of haste {unknown}
 g - 5 potions of curing {unknown}
 h - a potion of agility {unknown}
 l - a potion of invisibility {unknown}
Books
 b - a book of Conjurations

   Spells                             Type                      Level
   a - Magic Dart                     Conjuration                  1
   b - Searing Ray                    Conjuration                  2
   c - Dazzling Spray                 Conjuration/Hexes            3
   d - Fulminant Prism                Conjuration/Hexes            4
   e - Force Lance                    Conjuration/Translocation    4
   f - Iskenderun's Mystic Blast      Conjuration                  4
 n - a book of Misfortune

   Spells                             Type                      Level
   a - Confusing Touch                Hexes                        1
   b - Confuse                        Hexes                        3
   c - Gell's Gravitas                Translocation                3
   d - Petrify                        Transmutation/Earth          4
   e - Metabolic Englaciation         Hexes/Ice                    5
   f - Yara's Violent Unravelling     Hexes/Transmutation          5
Comestibles
 c - 2 bread rations
 k - a meat ration
 p - 4 chunks of flesh


   Skills:
 - Level 2.4 Dodging
 - Level 2.4 Stealth
 + Level 3.9 Spellcasting
 * Level 5.9 Conjurations


You had 3 spell levels left.
You knew the following spells:

 Your Spells              Type           Power        Failure   Level  Hunger
a - Magic Dart            Conj           ####         1%          1    None
b - Searing Ray           Conj           ####..       1%          2    #......
c - Iskenderun's Mystic   Conj           ####....     11%         4    ####...


Dungeon Overview and Level Annotations

Branches:
Dungeon (3/15)

Altars:

Annotations:
D:3 Grinder


Message History

The searing ray hits Grinder.
Grinder is lightly wounded.
Grinder gestures at you. You resist with significant effort.
The searing ray misses Grinder.
The hobgoblin hits you. Grinder gestures at you.
You suddenly lose the ability to move!
The hobgoblin hits you. Grinder gestures at you.
You shrug off the repeated paralysis!
The hobgoblin hits you. Grinder hits you but does no damage.
The hobgoblin hits you but does no damage.
Grinder hits you.
You writhe in agony.
The hobgoblin hits you but does no damage.
Grinder hits you.
* * * LOW HITPOINT WARNING * * *
The hobgoblin hits you.
* * * LOW HITPOINT WARNING * * *
Grinder hits you.
You die...

.# .# .# .#
.# .#
###.###..$
#.@w......
#g5.......
........(..
#####.####.#
.# # .# .#
##


You could see Grinder, a worm and a hobgoblin.

Vanquished Creatures
  Terence (D:2)
  Robin (D:2)
  2 oozes
  A worm (D:2)
  2 bats
  3 giant cockroaches
  11 goblins
  4 hobgoblins
  A quokka (D:2)
  A frilled lizard (D:1)
  A kobold (D:1)
  2 rats (D:1)
30 creatures vanquished.

Notes
Turn   | Place    | Note
-------+----------+-------------------------------------------
     0 | D:1      | Megalobster the Deep Elf Conjurer began the quest for the Orb.
     0 | D:1      | Reached XP level 1. HP: 10/10 MP: 6/6
   297 | D:1      | Reached XP level 2. HP: 15/15 MP: 2/8
   301 | D:1      | Learned a level 2 spell: Searing Ray
   567 | D:1      | Reached skill level 5 in Conjurations
   681 | D:2      | Noticed Terence
   924 | D:2      | Killed Terence
   924 | D:2      | Reached XP level 3. HP: 9/19 MP: 0/10
  1081 | D:2      | Found a faded altar of an unknown god.
  1092 | D:2      | Noticed Robin
  1218 | D:1      | You fall through a shaft!
  1342 | D:2      | Killed Robin
  1342 | D:2      | Reached XP level 4. HP: 24/24 MP: 5/11
  1464 | D:2      | Learned a level 4 spell: Iskenderun's Mystic Blast
  1633 | D:3      | Noticed Grinder
  1637 | D:3      | Paralysed by Grinder for 7 turns
  1642 | D:3      | Slain by Grinder

Skill      XL: |  1  2 |
---------------+-------+-----
Conjurations   | 5 |  5.9
Dodging        | |  2.4
Stealth        | |  2.4
Spellcasting   | |  3.9

Action                   |  1- 3 |  4- 6 || total
-------------------------+-------+-------++-------
Melee: Dagger            |     5 |     2 ||     7
 Cast: Magic Dart        |    46 |     2 ||    48
       Searing Ray       |     6 |     3 ||     9
  Eat: Chunk             |     1 |       ||     1
       Bread ration      |       |     1 ||     1
Armor: Robe              |     4 |     5 ||     9
Dodge: Dodged            |    10 |     3 ||    13
